 Dungeon Crawl Stone Soup version 0.16.1-12-gf5c4a84 (webtiles) character file.

1100 KarvaRausku the Archer (level 8, 0/66 HPs)
             Began as a Centaur Hunter on Apr 11, 2015.
             Was an Initiate of Okawaru.
             Succumbed to a wasp's poison
             ... while paralysed
             ... on level 7 of the Dungeon.
             The game lasted 00:21:24 (6490 turns).

KarvaRausku the Archer (Centaur Hunter)             Turns: 6490, Time: 00:21:24

Health: 0/66       AC:  6    Str: 15    XL:     8   Next: 10%
Magic:  15/15      EV:  1    Int: 10    God:    Okawaru [......]
Gold:   317        SH:  0    Dex: 12    Spells: 0 memorised, 7 levels left

rFire  . . .     SeeInvis .     b - +1 shortbow
rCold  . . .     Clarity  .     d - +0 leather armour
rNeg   . . .     SustAb   .     (no shield)
rPois  .         Gourm    .     (no helmet)
rElec  .         Spirit   .     K - +0 cloak
rCorr  .         Warding  .     C - +0 pair of gloves
rMut   .         Stasis   .     (no barding)
MR     .....                    (no amulet)
Stlth  +.........               E - ring of magical power
                                y - +2 ring of slaying

@: paralysed, lethally poisoned (0 -> -10), exhausted, slowed, very quick, not
resistant to hostile enchantments, very unstealthy
A: hooves 3, deformed body, speed 2, tough skin 3
a: Renounce Religion


You were on level 7 of the Dungeon.
You worshipped Okawaru.
Okawaru was noncommittal.
You were hungry.

You visited 2 branches of the dungeon, and saw 8 of its levels.

You collected 317 gold pieces.

Inventory:

Hand weapons
 a - a +0 lajatang of protection
 b - a +1 shortbow (weapon)
 v - a +0 short sword
 w - a +0 hand crossbow
 J - a +2 quarterstaff of chaos
 L - a +0 short sword
Missiles
 c - 32 arrows (quivered)
 t - 3 javelins
 x - 20 bolts
Armour
 d - a +0 leather armour (worn)
 m - a +0 cloak
 A - a cursed +0 leather armour
 C - a +0 pair of gloves (worn)
 K - a +0 cloak (worn)
Jewellery
 y - a +2 ring of slaying (left hand)
 E - a ring of magical power (right hand)
Scrolls
 e - 2 scrolls of enchant armour {unknown}
 g - a scroll of recharging {unknown}
 j - 2 scrolls of fog {unknown}
 k - 7 scrolls of identify {unknown}
 o - 2 scrolls of noise {unknown}
 s - 2 scrolls of amnesia {unknown}
 z - 3 scrolls of remove curse {unknown}
 B - 3 scrolls of magic mapping {unknown}
 F - 2 scrolls of enchant weapon {unknown}
 H - a scroll of vulnerability {unknown}
 I - 4 scrolls of random uselessness {unknown}
Potions
 l - a potion of curing {unknown}
 n - 3 potions of brilliance
 p - a potion of heal wounds {unknown}
 q - a potion of restore abilities {unknown}
 D - a potion of agility {unknown}
 G - a potion of cure mutation {unknown}
Comestibles
 f - 4 bread rations
 h - 7 meat rations
 i - 4 beef jerkies
 u - 3 slices of pizza


   Skills:
 + Level 4.0 Fighting
 + Level 1.0 Staves
 * Level 11.3 Bows
 + Level 3.0 Dodging
 - Level 0.5 Stealth


You had 7 spell levels left.
You didn't know any spells.

Dungeon Overview and Level Annotations

Branches:
Dungeon (7/15)             Temple (1/1) D:4

Altars:
Ashenzari
Cheibriados
Dithmenos
Elyvilon
Fedhas
Makhleb
Nemelex Xobeh
Okawaru
Ru
Sif Muna
Trog
Vehumet
Xom
Yredelemnul
Zin
The Shining One

Shops:
D:5 *

Annotations:
D:4 Sigmund


Innate Abilities, Weirdness & Mutations

You have hooves in place of feet.
Armour fits poorly on your strangely shaped body.
You cover ground very quickly.
You have extremely tough skin (AC +3).


Message History

You are more poisoned.
You feel as though you will be slow longer.
* * * LOW HITPOINT WARNING * * *
You feel sick.
You feel a strong urge to attack something.
* * * LOW HITPOINT WARNING * * *
You feel sick.
You are too berserk!
* * * LOW HITPOINT WARNING * * *
You feel sick.
You feel your anger subside.
* * * LOW HITPOINT WARNING * * *
You feel sick. The wasp stings you but does no damage.
You are no longer berserk.
You pass out from exhaustion.
You feel as though you will be slow longer.
You are feeling hungry.
* * * LOW HITPOINT WARNING * * *
You feel sick.
You die...

.?...#........##.......#..#
.#####.....#........†..#..##
#.......###......(....#
###.#.....#.............#
#...........#.#.##......#
#..)...##.#.##...##.##..##
...#......#.##..##..##..#
..................######
..#...##)...@y....##
....####...#####..# #####
..........# ##.#####...##
......###†# #....#.....#
...## #.## ####.......# ..
#..##########.....# ..###
#........##......##
....##...........######
#..#.........####


You could see a wasp.

Vanquished Creatures
  A soldier ant (D:7)
  A water moccasin (D:6)
  A phantom (D:6)
  An ogre (D:4)
  2 giant frogs
  3 scorpions
  A crimson imp (D:6)
  A giant frog zombie (D:5)
  Crazy Yiuf (D:4)
  A hound (D:6)
  An orc priest (D:3)
  An orc wizard (D:6)
  2 worker ants
  4 adders
  A river rat (D:4)
  4 giant mites
  2 worms (D:3)
  3 giant geckos
  An ooze (D:4)
  8 orcs
  6 giant cockroaches
  17 goblins
  10 hobgoblins
  14 jackals
  2 quokkas
  10 bats
  A giant gecko skeleton (D:6)
  6 giant newts
  6 kobolds
  17 rats
129 creatures vanquished.

Notes
Turn   | Place    | Note
--------------------------------------------------------------
     0 | D:1      | KarvaRausku, the Centaur Hunter, began the quest for the Orb.
     0 | D:1      | Reached XP level 1. HP: 17/17 MP: 1/1
   150 | D:1      | Reached XP level 2. HP: 24/24 MP: 2/2
   356 | D:1      | Reached skill level 6 in Bows
  1080 | D:2      | Reached XP level 3. HP: 29/29 MP: 3/3
  1600 | D:2      | Reached skill level 7 in Bows
  1822 | D:3      | Found a snail-covered altar of Cheibriados.
  1973 | D:3      | Reached XP level 4. HP: 32/36 MP: 3/3
  2057 | D:3      | Found a shimmering altar of Xom.
  2180 | D:3      | Reached skill level 8 in Bows
  2284 | D:3      | Found an iron altar of Okawaru.
  2395 | D:4      | Found a shattered altar of Ashenzari.
  2496 | D:4      | Noticed an ogre
  2511 | D:4      | Killed an ogre
  2511 | D:4      | Reached skill level 9 in Bows
  2511 | D:4      | Reached XP level 5. HP: 38/41 MP: 4/4
  2526 | D:4      | Found a staircase to the Ecumenical Temple.
  2528 | D:4      | Noticed Sigmund
  2555 | Temple   | Entered the Ecumenical Temple
  2824 | D:4      | Reached XP level 6. HP: 24/48 MP: 5/5
  3896 | D:4      | Reached skill level 10 in Bows
  4075 | D:5      | Entered Level 5 of the Dungeon
  4087 | D:5      | Found Zin's Purification Station.
  4087 | D:5      | Found a glowing silver altar of Zin.
  4615 | D:5      | Found a sacrificial altar of Ru.
  4819 | D:6      | Found a white marble altar of Elyvilon.
  4934 | D:6      | Found a shadowy altar of Dithmenos.
  4969 | D:6      | Reached XP level 7. HP: 39/56 MP: 5/5
  5155 | D:6      | Noticed a water moccasin
  5167 | D:6      | Killed a water moccasin
  5538 | D:6      | Found a blossoming altar of Fedhas.
  5894 | D:3      | Became a worshipper of Warmaster Okawaru
  5999 | D:4      | Noticed Crazy Yiuf
  6012 | D:4      | Killed Crazy Yiuf
  6298 | D:7      | Reached skill level 11 in Bows
  6442 | D:7      | Reached skill level 1 in Staves
  6442 | D:7      | Reached XP level 8. HP: 63/66 MP: 6/6
  6478 | D:7      | Paralysed by a wasp for 3 turns
  6487 | D:7      | HP: 4/99 [poisoned by a wasp]
  6489 | D:7      | HP: 1/66 [poisoned by a wasp]
  6490 | D:7      | Succumbed to a wasp's poison

Action                   |  1- 3 |  4- 6 |  7- 9 || total
-------------------------+-------+-------+-------++-------
Melee: Short sword       |       |     8 |    16 ||    24
       Lajatang          |       |       |     2 ||     2
       Shortbow          |       |       |     1 ||     1
 Fire: Shortbow          |   133 |   232 |   103 ||   468
  Use: Potion            |       |       |     3 ||     3
  Eat: Chunk             |     2 |     5 |     2 ||     9
       Royal jelly       |       |     1 |     1 ||     2
